 Dungeon Crawl Stone Soup version 0.26-a0-753-g4680b4fa2e (webtiles) character file.

Game seed: 11059679493289482568

14148 Riddle the Fighter (level 12, 0/96 HPs)
             Began as a Gnoll Abyssal Knight on Nov 7, 2020.
             Was a High Priest of Lugonu.
             Killed from afar by an electric eel (2 damage)
             ... with a bolt of electricity
             ... on level 11 of the Dungeon.
             The game lasted 00:29:06 (13023 turns).

Riddle the Fighter (Gnoll Abyssal Knight)          Turns: 13023, Time: 00:29:06

Health: 0/96       AC: 16    Str: 19    XL:     12   Next: 13%
Magic:  0/22       EV: 10    Int: 14    God:    Lugonu [*****.]
Gold:   324        SH: 11    Dex: 19    Spells: 25/25 levels left

rFire    + . .     SeeInvis +   D - +2 flail (protect)
rCold    + + .     Faith    .   F - +0 kite shield
rNeg     . . .     Spirit   +   E - +2 chain mail {rC+}
rPois    +         Reflect  .   f - +1 helmet
rElec    +         Harm     .   b - scarf {repulsion}
rCorr    +         Rampage  .   P - +0 pair of gloves {Dex+3}
MR       +....                  (no boots)
Stlth    ..........             x - amulet of guardian spirit
HPRegen  0.26/turn              p - ring of protection from magic
MPRegen  0.18/turn              C - ring of see invisible

@: resistant, engulfed (cannot breathe), drained, repel missiles, very slow
A: distributed training, fangs 1, strong nose
a: Depart the Abyss, Bend Space, Banish, Corrupt, Enter the Abyss, Renounce
Religion


You were on level 11 of the Dungeon.
You worshipped Lugonu.
Lugonu was extremely pleased with you.
You visited 1 branch of the dungeon, and saw 11 of its levels.
You visited the Abyss 1 time.

You collected 519 gold pieces.
You spent 195 gold pieces at shops.

Inventory:

Hand Weapons
 D - a +2 flail of protection (weapon)
 J - a +0 broad axe
Armour
 b - a scarf of repulsion (worn)
 f - a +1 helmet (worn)
 E - a +2 chain mail of cold resistance (worn)
 F - a +0 kite shield (worn)
 L - +0 acid dragon scales
 P - a +0 pair of gloves of dexterity (worn)
Jewellery
 p - a ring of protection from magic (left hand)
 x - an amulet of guardian spirit (around neck)
 C - a ring of see invisible (right hand)
 N - an uncursed ring of poison resistance {unknown}
Wands
 w - a wand of enslavement (11)
 A - a wand of disintegration (12)
 G - a wand of flame (18)
 H - a wand of random effects (11)
 I - a wand of digging (5)
 M - a wand of paralysis (4)
Scrolls
 a - 3 scrolls of blinking {unknown}
 c - 3 scrolls of enchant armour
 d - 8 scrolls of identify
 e - 2 scrolls of magic mapping
 g - 2 scrolls of amnesia
 i - a scroll of fog
 k - a scroll of silence {unknown}
 n - 4 scrolls of remove curse
 o - a scroll of teleportation
 u - a scroll of enchant weapon {unknown}
 v - 2 scrolls of immolation {unknown}
 y - 2 scrolls of fear {unknown}
 z - a scroll of noise {unknown}
Potions
 j - a potion of brilliance {unknown}
 l - 2 potions of might
 m - 7 potions of curing
 q - 5 potions of lignification
 r - a potion of resistance
 s - 2 potions of haste {unknown}
 t - 2 potions of berserk rage {unknown}
 B - a potion of ambrosia {unknown}
 K - a potion of flight {unknown}
 O - 2 potions of cancellation {unknown}


   Skills:
 + Level 9.6(8.4) Fighting
 + Level 7.0(5.8) Short Blades
 + Level 7.0(5.8) Long Blades
 + Level 7.0(5.8) Axes
 + Level 8.4(7.3) Maces & Flails
 + Level 7.0(5.8) Polearms
 + Level 7.0(5.8) Staves
 + Level 7.0(5.8) Slings
 + Level 7.0(5.8) Bows
 + Level 7.0(5.8) Crossbows
 + Level 7.0(5.8) Throwing
 + Level 8.4(7.3) Armour
 + Level 7.5(6.3) Dodging
 + Level 7.0(5.8) Stealth
 + Level 7.0(5.8) Shields
 + Level 7.0(5.8) Unarmed Combat
 + Level 7.0(5.8) Spellcasting
 + Level 5.8(4.7) Conjurations
 + Level 5.8(4.7) Hexes
 + Level 5.8(4.7) Summonings
 + Level 5.8(4.7) Necromancy
 + Level 5.8(4.7) Translocations
 + Level 5.8(4.7) Transmutations
 + Level 5.8(4.7) Fire Magic
 + Level 5.8(4.7) Ice Magic
 + Level 5.8(4.7) Air Magic
 + Level 5.8(4.7) Earth Magic
 + Level 5.8(4.7) Poison Magic
 + Level 9.0(7.8) Invocations
 + Level 7.0(5.8) Evocations


You had 25 spell levels left.
You didn't know any spells.
Your spell library contained the following spells:

 Spells                   Type           Power        Failure   Level
 Magic Dart               Conj           ###.         56%         1
 Blink                    Tloc           N/A          71%         2
 Call Imp                 Summ           ###.....     71%         2
 Slow                     Hex            ###.....     71%         2
 Conjure Flame            Conj/Fire      ###.....     90%         3
 Mephitic Cloud           Conj/Pois/Air  ###.....     90%         3
 Bolt of Magma            Conj/Fire/Erth ###.......   100%        5
 Iskenderun's Battlesphe  Conj           ###.....     100%        5
 Iron Shot                Conj/Erth      ###.......   100%        6
 Orb of Destruction       Conj           ###.......   100%        7
 Spellforged Servitor     Conj/Summ      ###.......   100%        7


Dungeon Overview and Level Annotations

Branches:
Dungeon (11/15)            Temple (0/1) D:7            Lair (0/6) D:9
    Orc (0/2) D:10

Altars:
Hepliaklqana
Kikubaaqudgha
Makhleb
Okawaru
Vehumet
Yredelemnul

Shops:
D:6 =   D:9 }*(**

Annotations:
D:2 1 transporter, Menkaure
D:11 Josephine
Abyss:1 Erica


Innate Abilities, Weirdness & Mutations

Your experience applies equally to all skills.
You have very sharp teeth.
Your uncanny sense of smell can sniff out nearby items.


Message History

Okay, then.
You feel yourself speed up.
The eye of draining turns its gaze towards you.
The water elemental hits you!
* * * LOW HITPOINT WARNING * * *
The water elemental engulfs you in water!
The electric eel shoots out a bolt of lightning at you!
The bolt of electricity hits you. You resist.
* * * LOW HITPOINT WARNING * * *
The bolt of electricity hits the water elemental.
The water elemental resists.
The electric eel shoots out a bolt of lightning at you!
The bolt of electricity hits you. You resist.
* * * LOW HITPOINT WARNING * * *
The bolt of electricity hits the plant!
The plant begins to die.
You block the water elemental's attack. The eye of draining gazes at you.
The electric eel shoots out a bolt of lightning at you!
The bolt of electricity hits you. You resist.
You die...

#.# #.≈PP≈≈P♣♣
..... #.#
#≈≈P≈≈≈P≈P ....
#÷# ♣♣≈♣♣≈≈≈≈P♣
... #.#
♣P≈G≈≈≈≈≈♣ ..
#..♣ ≈≈≈B≈≈≈≈P♣
.
#..P♣♣P≈≈≈≈≈≈≈♣
#..P PZ≈≈≈≈≈
#..P♣;≈≈≈≈≈≈
#.♣♣@≈;≈≈≈≈≈
♣E♣≈≈≈≈≈≈≈
♣♣≈≈≈≈≈≈≈≈
≈≈≈≈≈≈≈≈
≈≈≈≈≈≈≈≈
≈≈≈≈≈≈≈≈
≈≈≈≈;≈≈≈
≈P≈≈≈≈≈≈
≈≈♣≈≈≈≈


You could see a boulder beetle, a water elemental, an eye of draining, 3
electric eels and a worker ant zombie.

Vanquished Creatures
  Gastronok (D:7)
  A boulder beetle (D:9)
  2 two-headed ogres
  An unseen horror (D:10)
  A gargoyle (D:11)
  Maggie (D:8)
  Prince Ribbit (D:7)
  A redback (D:9)
  3 wyverns
  9 yaks
  Grum (D:8)
  Edmund (D:6)
  A water moccasin (D:10)
  Duvessa (D:7)
  2 orc warriors
  3 black bears
  3 ice beasts
  A necrophage (D:11)
  9 ogres
  4 wolves (D:8)
  A hornet zombie (D:6)
  5 centaurs
  Blork the orc (D:4)
  4 bullfrogs
  A wyvern zombie (D:9)
  Dowan (D:7)
  2 scorpions
  6 killer bees (D:9)
  4 wights
  4 howler monkeys
  A centaur zombie (D:9)
  A quasit (D:10)
  2 bullfrog skeletons
  3 orc priests
  2 bullfrog zombies
  2 jellies (D:11)
  4 hounds
  An iguana (D:4)
  13 orc wizards
  9 worker ants
  A killer bee zombie (D:10)
  A hound skeleton (D:6)
  11 adders
  2 shadow imps (D:5)
  3 white imps
  An ufetubus (D:5)
  An ooze (D:1)
  3 worms (D:3)
  5 dart slugs
  4 leopard geckos
  40 orcs
  10 giant cockroaches
  7 goblins
  2 hobgoblins (D:2)
  13 jackals
  7 quokkas
  A ball python (D:3)
  10 bats
  5 frilled lizards
  13 kobolds
  8 rats
262 creatures vanquished.

Vanquished Creatures (others)
  61 plants (D:11)
61 creatures vanquished.

Grand Total: 323 creatures vanquished

Notes
Turn   | Place    | Note
-------+----------+-------------------------------------------
     0 | Abyss:1  | Riddle the Gnoll Abyssal Knight began the quest for the
                  | Orb.
     0 | Abyss:1  | Reached XP level 1. HP: 23/23 MP: 3/3
    25 | Abyss:1  | Found a corrupted altar of Lugonu.
    29 | Abyss:1  | Noticed a small abomination
    29 | Abyss:1  | Noticed a cacodemon
    30 | D:1      | Escaped the Abyss
    79 | D:1      | Reached * piety under Lugonu
   313 | D:1      | Reached XP level 2. HP: 26/29 MP: 5/5
  1100 | D:2      | Reached XP level 3. HP: 35/35 MP: 6/6
  1169 | D:2      | Found an ancient bone altar of Kikubaaqudgha.
  1170 | D:2      | Noticed Menkaure
  1171 | D:2      | Found a basalt altar of Yredelemnul.
  1183 | D:2      | Found a transporter.
  1185 | D:2      | Found a transporter.
  1185 | D:2      | Noticed a scorpion
  1196 | D:2      | Killed a scorpion
  1196 | D:2      | Reached skill level 1 in Short Blades
  1196 | D:2      | Reached skill level 1 in Long Blades
  1196 | D:2      | Reached skill level 1 in Axes
  1196 | D:2      | Reached skill level 1 in Polearms
  1196 | D:2      | Reached skill level 1 in Staves
  1196 | D:2      | Reached skill level 1 in Slings
  1196 | D:2      | Reached skill level 1 in Bows
  1196 | D:2      | Reached skill level 1 in Crossbows
  1196 | D:2      | Reached skill level 1 in Throwing
  1196 | D:2      | Reached skill level 1 in Stealth
  1196 | D:2      | Reached skill level 1 in Shields
  1196 | D:2      | Reached skill level 1 in Unarmed Combat
  1196 | D:2      | Reached skill level 1 in Spellcasting
  1196 | D:2      | Reached skill level 1 in Conjurations
  1196 | D:2      | Reached skill level 1 in Hexes
  1196 | D:2      | Reached skill level 1 in Summonings
  1196 | D:2      | Reached skill level 1 in Necromancy
  1196 | D:2      | Reached skill level 1 in Translocations
  1196 | D:2      | Reached skill level 1 in Transmutations
  1196 | D:2      | Reached skill level 1 in Fire Magic
  1196 | D:2      | Reached skill level 1 in Ice Magic
  1196 | D:2      | Reached skill level 1 in Air Magic
  1196 | D:2      | Reached skill level 1 in Earth Magic
  1196 | D:2      | Reached skill level 1 in Poison Magic
  1196 | D:2      | Reached skill level 1 in Evocations
  1196 | D:2      | Reached XP level 4. HP: 28/41 MP: 7/7
  1576 | D:2      | Reached ** piety under Lugonu
  1576 | D:2      | Reached XP level 5. HP: 47/47 MP: 8/8
  2382 | D:3      | Reached skill level 5 in Invocations
  2506 | D:3      | Reached XP level 6. HP: 53/53 MP: 9/9
  2653 | D:3      | Reached *** piety under Lugonu
  2661 | D:3      | Reached skill level 5 in Maces & Flails
  2661 | D:3      | Reached skill level 5 in Armour
  2994 | D:4      | Found a burning altar of Makhleb.
  3227 | D:4      | Noticed an orc warrior
  3259 | D:4      | Killed an orc warrior
  3259 | D:4      | Reached XP level 7. HP: 14/59 MP: 10/10
  3601 | D:4      | Found a hazy altar of Hepliaklqana.
  3626 | D:4      | Noticed Blork the orc
  3658 | D:4      | Killed Blork the orc
  4155 | D:5      | Entered Level 5 of the Dungeon
  4176 | D:5      | Reached **** piety under Lugonu
  4308 | D:5      | Reached XP level 8. HP: 67/67 MP: 12/12
  4775 | D:6      | Found Jasevyc's Jewellery Boutique.
  5622 | D:6      | Reached XP level 9. HP: 67/73 MP: 12/14
  5886 | D:6      | Noticed Edmund
  5942 | D:6      | Killed Edmund
  6001 | D:7      | Found a staircase to the Ecumenical Temple.
  6001 | D:7      | Noticed Prince Ribbit
  6538 | D:7      | Killed Prince Ribbit
  6538 | D:7      | Reached skill level 5 in Dodging
  6786 | D:7      | Found an iron altar of Okawaru.
  7260 | D:7      | Found a radiant altar of Vehumet.
  7260 | D:7      | Noticed Duvessa
  7260 | D:7      | Noticed Dowan
  7289 | D:7      | Killed Duvessa
  7302 | D:7      | Killed Dowan
  7464 | D:8      | Noticed Maggie
  8019 | D:9      | Found Iqurom's Assorted Antiques.
  8091 | D:9      | Found a staircase to the Lair.
  8091 | D:9      | Noticed an elephant
  8570 | D:8      | Noticed Gastronok
  8634 | D:8      | Reached XP level 10. HP: 27/80 MP: 10/17
  8874 | D:8      | Noticed Grum
  8903 | D:8      | Killed Grum
  9015 | D:8      | Reached skill level 5 in Short Blades
  9015 | D:8      | Reached skill level 5 in Long Blades
  9015 | D:8      | Reached skill level 5 in Axes
  9015 | D:8      | Reached skill level 5 in Polearms
  9015 | D:8      | Reached skill level 5 in Staves
  9015 | D:8      | Reached skill level 5 in Slings
  9015 | D:8      | Reached skill level 5 in Bows
  9015 | D:8      | Reached skill level 5 in Crossbows
  9015 | D:8      | Reached skill level 5 in Throwing
  9015 | D:8      | Reached skill level 5 in Stealth
  9015 | D:8      | Reached skill level 5 in Shields
  9015 | D:8      | Reached skill level 5 in Unarmed Combat
  9015 | D:8      | Reached skill level 5 in Spellcasting
  9015 | D:8      | Reached skill level 5 in Evocations
  9100 | D:8      | Killed Maggie
  9628 | D:7      | Killed Gastronok
  9988 | D:9      | Noticed a two-headed ogre
  9999 | D:9      | Killed a two-headed ogre
  9999 | D:9      | Reached XP level 11. HP: 43/87 MP: 9/19
 10232 | D:9      | Reached ***** piety under Lugonu
 10568 | D:9      | Found Kolissits's General Store.
 10588 | D:9      | Bought a +0 pair of gloves of dexterity for 195 gold pieces
 10633 | D:9      | Found Faleung's Assorted Antiques.
 10717 | D:9      | Found Giosobbuu's Gadget Shop.
 10728 | D:9      | Found Loobrot's Antique Weapon Boutique.
 10823 | D:9      | Found a runed translucent door.
 11038 | D:9      | Reached skill level 5 in Conjurations
 11038 | D:9      | Reached skill level 5 in Hexes
 11038 | D:9      | Reached skill level 5 in Summonings
 11038 | D:9      | Reached skill level 5 in Necromancy
 11038 | D:9      | Reached skill level 5 in Translocations
 11038 | D:9      | Reached skill level 5 in Transmutations
 11038 | D:9      | Reached skill level 5 in Fire Magic
 11038 | D:9      | Reached skill level 5 in Ice Magic
 11038 | D:9      | Reached skill level 5 in Air Magic
 11038 | D:9      | Reached skill level 5 in Earth Magic
 11038 | D:9      | Reached skill level 5 in Poison Magic
 11417 | D:9      | Noticed a boulder beetle
 11544 | D:9      | Killed a boulder beetle
 11714 | D:10     | Entered Level 10 of the Dungeon
 11907 | D:10     | Noticed Erica
 11909 | D:10     | Banished Erica
 12069 | D:10     | Noticed a two-headed ogre
 12071 | D:10     | Banished a two-headed ogre
 12185 | D:10     | Noticed an unseen horror
 12223 | D:10     | Killed an unseen horror
 12440 | D:10     | Found a staircase to the Orcish Mines.
 12584 | D:11     | Noticed a cyan ugly thing
 12586 | D:11     | Banished a cyan ugly thing
 12776 | D:11     | Noticed a two-headed ogre
 12819 | D:11     | Killed a two-headed ogre
 12819 | D:11     | Reached XP level 12. HP: 33/95 MP: 9/22
 12981 | D:11     | Noticed Josephine
 13022 | D:11     | Noticed a boulder beetle
 13023 | D:11     | HP: 4/96 [electric eel/bolt of electricity (2)]
 13023 | D:11     | Killed from afar by an electric eel

Illustrated notes

Levels and vault maps discovered:
D:1:      eino_arrival_tree_alley, layout_basic
D:2:      minmay_inner_zag, layout_rooms, gammafunk_temple_of_torment
D:3:      layout_rooms, nicolae_underground_beach
D:4:      layout_loops_ring, kennysheep_mini_moat, bloody_makhleb,
          uniq_blork_the_orc
D:5:      layout_rooms
D:6:      layout_basic, serial_shops, shop, nrook_pool_corridor, uniq_edmund
D:7:      layout_basic, vehumet_altar_wand_db, minmay_temple_entry_junction_2,
          basic_altar, uniq_duvessa, uniq_prince_ribbit1
D:8:      layout_rooms, uniq_grum, uniq_maggie, uniq_gastronok
D:9:      gammafunk_indiana_jones, layout_irregular_city, david_lair_generic,
          serial_shops, nicolae_shop_window_shopping, nicolae_shop_behind_doors,
          nicolae_shop_trees, nicolae_shop_temple_entry_statues_fountains, shop,
          minivault_5
D:10:     layout_roguey, orc_0_dummy, uniq_erica
D:11:     layout_long_grid, portal_ice_cave_entry_pillars_1, serial_bayou,
          serial_bayou_pond_c, serial_bayou_ford_a, serial_bayou_pond_a,
          serial_bayou_lake_a, uniq_josephine

Skill      XL: |  1  2  3  4  5  6  7  8  9 10 11 12 |
---------------+-------------------------------------+-----
Short Blades   | 1 2 3 4 5 6 7 |  7.0
Long Blades    | 1 2 3 4 5 6 7 |  7.0
Axes           | 1 2 3 4 5 6 7 |  7.0
Polearms       | 1 2 3 4 5 6 7 |  7.0
Staves         | 1 2 3 4 5 6 7 |  7.0
Slings         | 1 2 3 4 5 6 7 |  7.0
Bows           | 1 2 3 4 5 6 7 |  7.0
Crossbows      | 1 2 3 4 5 6 7 |  7.0
Throwing       | 1 2 3 4 5 6 7 |  7.0
Stealth        | 1 2 3 4 5 6 7 |  7.0
Shields        | 1 2 3 4 5 6 7 |  7.0
Unarmed Combat | 1 2 3 4 5 6 7 |  7.0
Spellcasting   | 1 2 3 4 5 6 7 |  7.0
Conjurations   | 1 2 3 4 5 |  5.8
Hexes          | 1 2 3 4 5 |  5.8
Summonings     | 1 2 3 4 5 |  5.8
Necromancy     | 1 2 3 4 5 |  5.8
Translocations | 1 2 3 4 5 |  5.8
Transmutations | 1 2 3 4 5 |  5.8
Fire Magic     | 1 2 3 4 5 |  5.8
Ice Magic      | 1 2 3 4 5 |  5.8
Air Magic      | 1 2 3 4 5 |  5.8
Earth Magic    | 1 2 3 4 5 |  5.8
Poison Magic   | 1 2 3 4 5 |  5.8
Evocations     | 1 2 3 4 5 6 7 |  7.0
Dodging        | 3 4 5 6 7 |  7.5
Invocations    | 5 6 7 8 9 |  9.0
Maces & Flails | 5 6 7 8 |  8.4
Armour         | 5 6 7 8 |  8.4
Fighting       | 7 8 9 |  9.6

Action                   |  1- 3 |  4- 6 |  7- 9 | 10-12 || total
-------------------------+-------+-------+-------+-------++-------
Melee: Mace              |    64 |   215 |   341 |       ||   620
       Bite              |    10 |    19 |    80 |   101 ||   210
       Punch             |       |     1 |     9 |       ||    10
       Flail             |       |       |   191 |   553 ||   744
       Broad axe         |       |       |       |    13 ||    13
Invok: Depart the Abyss  |     1 |       |       |       ||     1
       Banish            |       |       |       |     5 ||     5
Evoke: Wand              |       |       |       |     5 ||     5
  Use: Scroll            |     1 |     5 |     2 |     5 ||    13
       Potion            |       |       |       |     4 ||     4
 Stab: Sleeping          |     2 |       |     1 |       ||     3
       Distracted        |       |     2 |     1 |       ||     3
       Paralysed         |       |       |       |    13 ||    13
Armor: Leather armour    |    23 |    45 |       |       ||    68
       Ring mail         |       |    79 |   174 |       ||   253
       Chain mail        |       |       |    94 |   260 ||   354
       Skin              |       |       |       |    16 ||    16
Dodge: Dodged            |    26 |   158 |   318 |   211 ||   713
       Repelled          |       |     2 |       |     4 ||     6
Block: Kite shield       |       |       |    79 |   320 ||   399

Table legend: (Time is in decaauts)
 A = Elapsed time spent in this place.
 B = Non-inter-level travel time spent in this place.
 C = Inter-level travel time spent in this place.
 D = Time resting spent in this place.
 E = Time spent auto-exploring this place.
 F = Levels seen in this place.
 G = Mean time per level.
                   A        B        C        D        E       F      G
               +--------+--------+--------+--------+--------+-----+--------+
         Total |  13207 |  12763 |    444 |   3797 |   5930 |  12 | 1100.6 |
       Dungeon |  13176 |  12732 |    444 |   3797 |   5900 |  11 | 1197.8 |
         Abyss |     30 |     30 |      0 |      0 |     29 |   1 |   30.0 |
               +--------+--------+--------+--------+--------+-----+--------+

Top non-repeatable levels by time:
     D:7: 2570 daAuts
     D:9: 1952 daAuts
     D:6: 1395 daAuts
     D:2: 1278 daAuts
     D:8: 1201 daAuts
     D:4: 1179 daAuts
     D:1: 1009 daAuts
    D:10: 867 daAuts
     D:3: 721 daAuts
     D:5: 536 daAuts
    D:11: 465 daAuts
 Abyss:1: 30 daAuts
